 Dungeon Crawl Stone Soup version 0.19-a0-753-gae73b43 (webtiles) character file.

3567 4thArraOfDagon the Cleaver (level 10, 0/76 HPs)
             Began as a Formicid Fire Elementalist on June 25, 2016.
             Was a Priest of Hepliaklqana.
             Killed by mirror damage (2 damage)
             ... on level 9 of the Dungeon.
             The game lasted 00:19:03 (2058 turns).

4thArraOfDagon the Cleaver (FoFE)                   Turns: 2058, Time: 00:19:03

Health: 0/76       AC:  6    Str: 13    XL:     10   Next: 30%
Magic:  4/17       EV: 11    Int: 18    God:    Hepliaklqana [***...]
Gold:   239        SH:  7    Dex: 11    Spells: 5 memorised, 8 levels left

rFire  . . .     SeeInvis +     D - +2 battleaxe (freeze)
rCold  + . .     Gourm    .     C - +0 troll leather armour
rNeg   . . .     Faith    +     F - +2 buckler
rPois  .         Spirit   .     (helmet unavailable)
rElec  .         Dismiss  .     H - +1 cloak {MR+}
rCorr  .         Reflect  .     (no gloves)
SustAt .         Harm     .     (no boots)
MR     ++...                    g - amulet of faith
Stlth  ++........               (no ring)
                                i - ring of protection from cold

@: very resistant to hostile enchantments, unstealthy
A: permanent stasis, dig shafts and tunnels, four strong arms, antennae 3
a: Dig, Shaft Self, Recall Ancestor, Ancestor Identity, Transference, Renounce
Religion


You were on level 9 of the Dungeon.
You worshipped Hepliaklqana.
Hepliaklqana was most pleased with you.
You were hungry.

You visited 1 branch of the dungeon, and saw 10 of its levels.

You collected 239 gold pieces.

Inventory:

Hand Weapons
 f - a +0 dagger
 j - a +0 spear
 m - a +1 whip of freezing
 o - a +0 blowgun
 D - a +2 battleaxe of freezing (weapon)
Missiles
 p - 24 poisoned needles
Armour
 C - a +0 troll leather armour (worn)
 F - a +2 buckler (worn)
 H - a +1 cloak of magic resistance (worn)
Jewellery
 g - an amulet of faith (around neck)
 i - a ring of protection from cold (left hand)
 l - an uncursed ring of ice
Wands
 w - a wand of iceblast (0/15)
Scrolls
 d - a scroll of noise
 k - 5 scrolls of enchant weapon {unknown}
 n - 3 scrolls of magic mapping {unknown}
 r - 2 scrolls of fear
 E - a scroll of remove curse
Potions
 e - a potion of might
 h - a potion of agility
 u - a potion of degeneration
 x - a potion of lignification
 B - a potion of heal wounds {unknown}
Books
 b - a book of Flames

   Spells                             Type                      Level
   a - Flame Tongue                   Conjuration/Fire             1
   b - Throw Flame                    Conjuration/Fire             2
   c - Conjure Flame                  Conjuration/Fire             3
   d - Inner Flame                    Hexes/Fire                   3
   e - Sticky Flame                   Conjuration/Fire             4
   f - Fireball                       Conjuration/Fire             5
 v - a book of Cantrips

   Spells                             Type                      Level
   a - Corona                         Hexes                        1
   b - Animate Skeleton               Necromancy                   1
   c - Summon Small Mammal            Summoning                    1
   d - Apportation                    Translocation                1
Comestibles
 a - a fruit
 c - 2 bread rations
 s - a beef jerky
 A - 4 meat rations
 G - 3 chunks of flesh


   Skills:
 + Level 6.2 Fighting
 * Level 8.5 Axes
 - Level 1.7 Dodging
 - Level 2.4 Stealth
 + Level 6.3 Shields
 + Level 4.7 Spellcasting
 - Level 4.2 Conjurations
 - Level 5.6 Fire Magic


You had 8 spell levels left.
You knew the following spells:

 Your Spells              Type           Power        Failure   Level  Hunger
a - Flame Tongue          Conj/Fire      ###..        2%          1    None
b - Conjure Flame         Conj/Fire      ###.....     10%         3    ###....
c - Apportation           Tloc           #.........   21%         1    None
d - Sticky Flame          Conj/Fire      ###.....     24%         4    ####...
e - Animate Skeleton      Necr           N/A          21%         1    None


Dungeon Overview and Level Annotations

Branches:
Dungeon (10/15)            Temple (0/1) D:7            Lair (0/6) D:9
    Orc: D:9-12

Altars:
Cheibriados
Fedhas
Hepliaklqana
Okawaru
Xom
Yredelemnul
Zin

Annotations:
D:10 Snorg


Innate Abilities, Weirdness & Mutations

You are under a permanent stasis effect.
You can dig through walls and to a lower floor.
Your four strong arms can wield two-handed weapons with a shield.
You have a pair of large antennae on your head. (SInv)


Message History

The death knight is engulfed in roaring flames.
The death knight hits you with an enchanted broad axe!!
* * * LOW HITPOINT WARNING * * *
Your damage is reflected back at you!
* * * LOW HITPOINT WARNING * * *
Unknown command.
Unknown command.
Okay, then.
You feel better.
The death knight burns!
Your damage is reflected back at you!
* * * LOW HITPOINT WARNING * * *
The death knight is engulfed in roaring flames.
The death knight hits you with an enchanted broad axe!
* * * LOW HITPOINT WARNING * * *
Your damage is reflected back at you!
* * * LOW HITPOINT WARNING * * *
Unknown command.
As you read the scroll of fear, it crumbles to dust.
You assume a fearsome visage.
The death knight looks frightened!
The death knight burns!
Your damage is reflected back at you!
You die...

. ... ......≈. { .# #
#.#####.....≈≈ '####.#
#.....#......≈ # ###...#.# ###$#
#.#...≈..≈ #.8 ...8.'.
#..(###.#...≈≈≈≈ .#..
#...#####)..÷##.#...≈≈≈≈
.##.#######'##......_........≈≈≈≈
..........)).#.#.##....###..#≈≈≈≈
..........†.#..#@###...# ###.≈≈≈≈
.........)(.[#.#p###{### #.≈≈≈≈
.......[.).....#.§{{.# #..≈≈≈
.....)..#....%.#####{#### ##...≈≈
.......#.)......{..{....###..).≈≈
........###.......({.............
.......## ##........Y...........≈
.......# ##....>.>..........≈≈≈
.......# ##.[....>............≈≈


You could see a death knight (fleeing).

Vanquished Creatures
  Maurice (D:8)
  A troll (D:9)
  2 yaks (D:9)
  Duvessa (D:4)
  An orc warrior (D:6)
  2 phantoms
  An ice beast (D:8)
  An ogre (D:6)
  A centaur (D:9)
  A wyvern skeleton (D:6)
  Dowan (D:4)
  3 wights (D:7)
  A crimson imp (D:5)
  A hound (D:9)
  An orc priest (D:9)
  3 orc wizards (D:9)
  4 worker ants
  A worker ant zombie (D:9)
  An adder (D:8)
  An adder zombie (D:5)
  4 worms
  A dart slug (D:3)
  13 orcs
  2 bats
  A giant cockroach (D:3)
  7 goblins
  3 hobgoblins
  2 jackals
  4 kobolds
  5 ball pythons
  3 giant newts
  3 rats
77 creatures vanquished.

Vanquished Creatures (collateral kills)
  3 yaks (D:9)
  A hippogriff (D:9)
  2 orc warriors (D:9)
  A black bear (D:8)
  A wasp (D:9)
  3 wolves (D:9)
  A big kobold (D:9)
  A wight (D:7)
  A giant frog zombie (D:9)
  An orc priest (D:9)
  A hound (D:9)
  3 orc wizards (D:9)
  A worker ant (D:9)
  An adder (D:2)
  A shadow imp (D:8)
  2 adder skeletons
  2 worms (D:3)
  A giant gecko (D:5)
  13 orcs (D:9)
  3 giant cockroaches
  5 goblins (D:6)
  2 hobgoblins
  4 jackals
  3 kobolds (D:9)
  A giant gecko skeleton (D:6)
  2 rats (D:3)
60 creatures vanquished.

Vanquished Creatures (others)
  3 battlemagi
  2 ancestors
5 creatures vanquished.

Grand Total: 142 creatures vanquished

Notes
Turn   | Place    | Note
--------------------------------------------------------------
     0 | D:1      | 4thArraOfDagon the Formicid Fire Elementalist began the quest for the Orb.
     0 | D:1      | Reached XP level 1. HP: 13/13 MP: 3/3
    25 | D:1      | Reached skill level 1 in Conjurations
    36 | D:1      | You fall through a shaft!
   105 | D:2      | Found a hazy altar of Hepliaklqana.
   110 | D:2      | Became a worshipper of Hepliaklqana
   140 | D:2      | Reached XP level 2. HP: 13/20 MP: 1/5
   197 | D:2      | You fall through a shaft for 2 floors!
   201 | D:4      | Found a basalt altar of Yredelemnul.
   251 | D:4      | Reached skill level 1 in Fighting
   251 | D:4      | Reached XP level 3. HP: 12/26 MP: 0/6
   379 | D:3      | Reached XP level 4. HP: 14/33 MP: 1/7
   469 | D:3      | Found a snail-covered altar of Cheibriados.
   506 | D:2      | Found an iron altar of Okawaru.
   517 | D:2      | Reached * piety under Hepliaklqana
   574 | D:2      | Learned a level 3 spell: Conjure Flame
   739 | D:4      | Noticed Dowan
   752 | D:4      | Noticed Duvessa
   752 | D:4      | Reached XP level 5. HP: 13/39 MP: 0/8
   760 | D:4      | Killed Dowan
   763 | D:4      | Killed Duvessa
   763 | D:4      | Reached XP level 6. HP: 17/47 MP: 1/9
   901 | D:5      | Entered Level 5 of the Dungeon
   904 | D:5      | Learned a level 1 spell: Apportation
   909 | D:5      | Learned a level 4 spell: Sticky Flame
  1034 | D:6      | Reached skill level 5 in Fire Magic
  1034 | D:6      | Reached XP level 7. HP: 34/52 MP: 3/10
  1173 | D:6      | Found a glowing silver altar of Zin.
  1174 | D:6      | Reached ** piety under Hepliaklqana
  1203 | D:6      | Noticed an angel
  1203 | D:6      | Remembered your ancestor Takurtum as a battlemage
  1206 | D:6      | Found a shimmering altar of Xom.
  1277 | D:7      | Reached skill level 1 in Axes
  1295 | D:7      | Reached skill level 2 in Axes
  1329 | D:7      | Reached XP level 8. HP: 19/60 MP: 6/11
  1337 | D:7      | Found a staircase to the Ecumenical Temple.
  1406 | D:7      | Learned a level 1 spell: Animate Skeleton
  1536 | D:8      | Reached skill level 3 in Axes
  1536 | D:8      | Reached skill level 1 in Shields
  1607 | D:9      | Noticed Maurice
  1611 | D:9      | Reached skill level 4 in Axes
  1620 | D:8      | Killed Maurice
  1620 | D:8      | Reached skill level 5 in Axes
  1699 | D:9      | Reached XP level 9. HP: 59/65 MP: 9/12
  1713 | D:9      | Reached skill level 6 in Axes
  1718 | D:9      | Noticed a troll
  1746 | D:9      | Killed a troll
  1833 | D:9      | Reached *** piety under Hepliaklqana
  1856 | D:9      | Reached skill level 5 in Shields
  1863 | D:9      | Reached skill level 5 in Fighting
  1894 | D:9      | Reached skill level 7 in Axes
  1954 | D:9      | Found a blossoming altar of Fedhas.
  1989 | D:9      | Reached XP level 10. HP: 73/74 MP: 9/15
  2001 | D:9      | Found a staircase to the Lair.
  2026 | D:9      | Reached skill level 8 in Axes
  2027 | D:9      | Noticed a death knight
  2037 | D:10     | Entered Level 10 of the Dungeon
  2037 | D:10     | Noticed Snorg
  2057 | D:9      | HP: 2/76 [death knight/enchanted broad axe (12)]
  2058 | D:9      | Killed by mirror damage

Vault maps used:
D:1:      sevenhm_arrival_forest_fort_small_3
D:2:      okawaru_gym_becter, lemuel_doored_altar
D:3:      kennysheep_slug_shrine, nicolae_overflow_hidden_temple,
          kennysheep_crisscross
D:4:      yredelemnul_altar_generic, uniq_duvessa
D:5:      lemuel_ice_spiral_2, first_bread, uniq_prince_ribbit1,
          uniq_blork_the_orc
D:6:      grunt_temple_overflow_order_and_chaos_1,
          lemuel_zombie_altar_kikubaaqudgha, basic_altar,
          grunt_decor_one_mirror, hangedman_decor_peaks_small,
          minmay_ogre_servants
D:7:      serial_shops, shop
D:8:      grunt_temple_overflow_lords_of_destruction
D:9:      marbit_many_paths, nicolae_overflow_crystal_walls, erik_lair_island,
          hiddenorc2_lemuel, uniq_maurice
D:10:     basic_altar, david_nohive_1, uniq_grum, uniq_snorg

Skill      XL: |  1  2  3  4  5  6  7  8  9 10 |
---------------+-------------------------------+-----
Conjurations   | 1 2 3 4 |  4.2
Fighting       | 1 2 3 4 5 6 |  6.2
Fire Magic     | 4 5 |  5.6
Axes           | 2 5 7 8 |  8.5
Shields        | 4 5 6 |  6.3
Spellcasting   | 3 4 |  4.7
Dodging        | |  1.7
Stealth        | |  2.4

Action                   |  1- 3 |  4- 6 |  7- 9 | 10-12 || total
-------------------------+-------+-------+-------+-------++-------
Melee: Dagger            |    16 |       |       |       ||    16
       Whip              |    13 |    67 |    12 |       ||    92
       Battleaxe         |       |       |    68 |     7 ||    75
 Fire: Blowgun           |       |     2 |       |       ||     2
 Cast: Flame Tongue      |    21 |    36 |    43 |       ||   100
       Conjure Flame     |       |     3 |     3 |     3 ||     9
       Sticky Flame      |       |       |     4 |     1 ||     5
Invok: Recall Ancestor   |     1 |       |       |       ||     1
       Ancestor Life: Ba |       |       |     1 |       ||     1
 Abil: Dig               |     8 |     8 |     2 |       ||    18
       Shaft Self        |     2 |       |       |       ||     2
Evoke: Wand              |       |     5 |     3 |       ||     8
  Use: Scroll            |       |     8 |     6 |     1 ||    15
       Potion            |       |     2 |     1 |     1 ||     4
 Stab: Sleeping          |     1 |       |       |       ||     1
       Distracted        |       |     1 |     1 |       ||     2
       Invisible         |       |       |     2 |       ||     2
  Eat: Chunk             |       |     5 |     7 |       ||    12
Armor: Robe              |     4 |    11 |     2 |       ||    17
       Leather armour    |       |       |    20 |       ||    20
       Troll leather arm |       |       |    10 |     2 ||    12
Dodge: Dodged            |    28 |    46 |    52 |     9 ||   135
Block: Buckler           |       |       |    31 |     4 ||    35
